 Dungeon Crawl Stone Soup version 0.20.1-1-g8b1a95d (webtiles) character file.

561 vatarom the Arsonist (level 7, -2/39 HPs)
             Began as a Deep Elf Fire Elementalist on Sept 1, 2017.
             Engulfed by a cloud of flame (12 damage)
             ... on level 4 of the Dungeon.
             The game lasted 00:10:55 (3046 turns).

vatarom the Arsonist (Deep Elf Fire Elementalist)   Turns: 3046, Time: 00:10:56

Health: -2/39      AC:  5    Str:  5    XL:     7   Next: 9%
Magic:  9/16       EV: 13    Int: 25    God:
Gold:   161        SH:  0    Dex: 15    Spells: 7/16 levels left

rFire    + . .     SeeInvis .   u - +1 spear (venom)
rCold    x . .     Gourm    .   (no shield)
rNeg     . . .     Faith    +   a - +0 robe
rPois    .         Spirit   .   i - +0 helmet
rElec    .         Reflect  .   c - +1 cloak
rCorr    .         Harm     .   (no gloves)
MR       +....                  (no boots)
Stlth    ++........             j - amulet of faith
Regen    0.2/turn               m - +3 ring of intelligence
MPRegen  0.2/turn               f - ring of fire

@: very slightly contaminated
A: magic resistance 1, robust 1
a: no special abilities


You were on level 4 of the Dungeon.
You were not hungry.

You visited 1 branch of the dungeon, and saw 4 of its levels.

You collected 161 gold pieces.

Inventory:

Hand Weapons
 u - a +1 spear of venom (weapon)
Armour
 a - a +0 robe (worn)
 c - a +1 cloak (worn)
 i - a +0 helmet (worn)
Jewellery
 f - a ring of fire (right hand)
 j - an amulet of faith (around neck)
 m - a +3 ring of intelligence (left hand)
 r - an uncursed ring of protection from fire
Scrolls
 g - a scroll of amnesia
 t - a scroll of teleportation
 v - a scroll of enchant weapon
 y - a scroll of remove curse
 z - 2 scrolls of immolation
 A - a scroll of identify
Potions
 e - a potion of curing
Books
 b - a book of Flames

   Spells                             Type                      Level
   a - Flame Tongue                   Conjuration/Fire             1
   b - Throw Flame                    Conjuration/Fire             2
   c - Conjure Flame                  Conjuration/Fire             3
   d - Inner Flame                    Hexes/Fire                   3
   e - Sticky Flame                   Conjuration/Fire             4
   f - Fireball                       Conjuration/Fire             5
Comestibles
 k - a bread ration
 s - a meat ration
 x - a royal jelly


   Skills:
 - Level 2.4 Dodging
 - Level 2.4 Stealth
 - Level 5.0 Spellcasting
 * Level 1.4 Conjurations
 + Level 8.2 Fire Magic


You had 7 spell levels left.
You knew the following spells:

 Your Spells              Type           Power        Failure   Level  Hunger
a - Flame Tongue          Conj/Fire      #####        1%          1    None
b - Throw Flame           Conj/Fire      #####.       1%          2    None
c - Conjure Flame         Conj/Fire      #####...     3%          3    ##.....
d - Inner Flame           Hex/Fire       #####...     4%          3    ##.....


Dungeon Overview and Level Annotations

Branches:
Dungeon (4/15)
 Temple: D:4-7

Altars:
Cheibriados


Innate Abilities, Weirdness & Mutations

You are resistant to hostile enchantments. (MR+)
You are robust. (+10% HP)


Message History

The hound misses you.
Casting: Flame Tongue
Confirm with . or Enter, or press ? or * to list all spells.
Aiming: Flame Tongue
Press: ? - help, Shift-Dir - straight line, f/p - hound
Aim: a hound (heavily wounded, inner flame)
You feel a surge of power!
The flame tongue hits the hound.
The hound is almost dead.
The hound bites you but does no damage. The hound closely misses you.
Casting: Flame Tongue
Confirm with . or Enter, or press ? or * to list all spells.
Aiming: Flame Tongue
Press: ? - help, Shift-Dir - straight line, f/p - hound
Aim: a hound (almost dead, inner flame)
You feel a surge of power!
The flame tongue hits the hound.
The hound explodes!
The fiery explosion engulfs you! You resist.
* * * LOW HITPOINT WARNING * * *
You are engulfed in blazing flames.
You resist.
You die...

##..........# # ##..##.......#
# #####..###.......# #
#......###.......# ♣
#############..[...#..####.###
♣ ..........#........#.)## #.#
♣♣
..........#.#..........###.###
♣.
............#.§§§)..##.......#
♣♣
.).......)....§.@..###.......#
♣. .........%.##.§.§..#
#.......# ♣.
..................%# #.......#
#. ..........#####..###
#.......####
.............###.#
#......).... ..#..#######.#
#.#########.#####. ....##
#.###......####.# ## ....#
#.....####...#..# ...##
#####.....##.#.##


There were no monsters in sight!

Vanquished Creatures
  The ghost of Rhok the Cleaver, an amateur MiFi (D:4)
  Duvessa (D:4)
  Dowan (D:4)
  Crazy Yiuf (D:4)
  An orc priest (D:3)
  A hound (D:4)
  An adder (D:4)
  4 gnolls (D:4)
  2 worms
  4 leopard geckos
  7 orcs
  3 giant cockroaches
  8 goblins
  3 hobgoblins
  2 jackals (D:2)
  4 kobolds
  2 quokkas
  8 bats
  3 frilled lizards
  7 rats
64 creatures vanquished.

Notes
Turn   | Place    | Note
-------+----------+-------------------------------------------
     0 | D:1      | vatarom the Deep Elf Fire Elementalist began the quest for the Orb.
     0 | D:1      | Reached XP level 1. HP: 10/10 MP: 6/6
   210 | D:1      | Reached XP level 2. HP: 15/15 MP: 6/8
   217 | D:1      | Found a snail-covered altar of Cheibriados.
   238 | D:1      | Reached skill level 4 in Fire Magic
   863 | D:2      | Learned a level 2 spell: Throw Flame
   983 | D:2      | Reached XP level 3. HP: 19/19 MP: 5/9
  1246 | D:3      | Learned a level 3 spell: Conjure Flame
  1319 | D:3      | Reached skill level 5 in Fire Magic
  1628 | D:3      | Reached XP level 4. HP: 24/24 MP: 6/10
  1796 | D:3      | Learned a level 3 spell: Inner Flame
  2022 | D:4      | Noticed Rhok's ghost (amateur MiFi)
  2030 | D:4      | Noticed Duvessa
  2166 | D:4      | Found a runed door.
  2196 | D:4      | Noticed Crazy Yiuf
  2202 | D:4      | Killed Crazy Yiuf
  2202 | D:4      | Reached skill level 6 in Fire Magic
  2351 | D:4      | Reached XP level 5. HP: 28/28 MP: 5/11
  2404 | D:4      | Killed Duvessa
  2404 | D:4      | Reached skill level 7 in Fire Magic
  2404 | D:4      | Reached XP level 6. HP: 29/32 MP: 3/12
  2425 | D:4      | Noticed Dowan
  2500 | D:4      | Killed Dowan
  2750 | D:4      | Killed Rhok's ghost
  2750 | D:4      | Reached skill level 5 in Spellcasting
  2750 | D:4      | Reached skill level 8 in Fire Magic
  2750 | D:4      | Reached XP level 7. HP: 36/36 MP: 4/16
  2956 | D:4      | Gained mutation: You are robust. (+10% HP) [potion of mutation]
  2956 | D:4      | Gained mutation: You are resistant to hostile enchantments. (MR+) [potion of mutation]
  3046 | D:4      | Engulfed by a cloud of flame

Skill      XL: |  1  2  3  4  5  6 |
---------------+-------------------+-----
Fire Magic     | 4 5 6 7 8 |  8.2
Spellcasting   | 5 |  5.0
Dodging        | |  2.4
Stealth        | |  2.4
Conjurations   | |  1.4

Action                   |  1- 3 |  4- 6 |  7- 9 || total
-------------------------+-------+-------+-------++-------
Melee: Unarmed           |    14 |       |       ||    14
       Flail             |     2 |     1 |       ||     3
       Spear             |       |    17 |     1 ||    18
 Cast: Flame Tongue      |    64 |    38 |     9 ||   111
       Throw Flame       |     2 |     4 |       ||     6
       Conjure Flame     |     1 |     7 |       ||     8
       Inner Flame       |       |     2 |     1 ||     3
  Use: Scroll            |     8 |     1 |     3 ||    12
       Potion            |       |     2 |     5 ||     7
  Eat: Bread ration      |     1 |     1 |       ||     2
Armor: Robe              |     6 |     3 |     3 ||    12
Dodge: Dodged            |    17 |    14 |     9 ||    40
